 Dungeon Crawl Stone Soup version 0.20-a0-33-g996f6e0 (webtiles) character file.

275 Faca the Ducker (level 6, -3/22 HPs)
             Began as a Felid Berserker on Nov 10, 2016.
             Was a Believer of Trog.
             Slain by dracfodder's ghost (4 damage)
             ... on level 4 of the Dungeon.
             The game lasted 00:26:13 (3514 turns).

Faca the Ducker (Felid Berserker)                   Turns: 3514, Time: 00:26:13

Health: -3/22      AC:  2    Str: 15    XL:     6   Next: 3%
Magic:  0/7        EV: 21    Int:  9    God:    Trog [**....]
Gold:   88         SH:  0    Dex: 15    Spells: 0 memorised, 5 levels left
                                        Lives:  0   Deaths: 1

rFire  . . .     SeeInvis +       - Unarmed
rCold  . . .     Gourm    .     (armour unavailable)
rNeg   . . .     Faith    .     (shield unavailable)
rPois  .         Spirit   +     (helmet unavailable)
rElec  .         Reflect  .     (cloak unavailable)
rCorr  .         Harm     .     (gloves unavailable)
MR     +....                    (boots unavailable)
Stlth  +++.......               e - amulet of guardian spirit
                                h - ring of protection from magic
                                f - ring of flight

@: quick
A: no armour, no weapons or thrown items, stealth, antennae 1, claws 1, fangs 3,
see invisible, carnivore 3, speed 1, frail 2, shaggy fur 2, slow metabolism 1,
sharp paws
a: Berserk, Trog's Hand, Burn Spellbooks, Renounce Religion, Evoke Flight


You were on level 4 of the Dungeon.
You worshipped Trog.
Trog was pleased with you.
You were not hungry.

You visited 1 branch of the dungeon, and saw 4 of its levels.

You collected 88 gold pieces.

Inventory:

Hand Weapons
 c - a +2 hand axe of electrocution
Jewellery
 e - an amulet of guardian spirit (around neck)
 f - a ring of flight (left paw)
 h - a ring of protection from magic (right paw)
 n - an uncursed ring of poison resistance
Wands
 q - a wand of slowing (25/48)
Scrolls
 b - 2 scrolls of amnesia
 o - a scroll of fog
Potions
 i - 2 potions of flight
 k - 2 potions of might
 l - a potion of mutation
 m - a potion of curing {unknown}
 s - a potion of invisibility {unknown}
Comestibles
 a - 2 meat rations
 d - a beef jerky
 j - 2 slices of pizza
 p - a royal jelly


   Skills:
 + Level 3.5 Fighting
 + Level 5.9 Dodging
 + Level 4.3 Stealth
 + Level 4.9 Unarmed Combat


You had 5 spell levels left.
You didn't know any spells.

Dungeon Overview and Level Annotations

Branches:
Dungeon (4/15)
 Temple: D:4-7

Altars:
Ashenzari
Ru

Annotations:
D:4 dracfodder's ghost, amateur DECj


Innate Abilities, Weirdness & Mutations

You cannot wear armour.
You are incapable of wielding weapons or throwing items.
Your paws allow you to move quietly. (Stealth)
You have sharp claws.
You have razor-sharp teeth.
You have supernaturally acute eyesight. (SInv)
You are carnivorous and can eat meat at any time.
You cover ground quickly.
You are covered in thick fur. (AC +2)
You have a slow metabolism.
Your sharp claws are effective at attacking unaware monsters.
You have a pair of small antennae on your head.
You are very frail. (-20% HP)


Message History

Aim: dracfodder's ghost (hasn't noticed you, chance to defeat MR: 40%) Dracfodder's ghost turns its malevolent gaze towards you.
Dracfodder's ghost resists with some effort.
Evoking this partially-identified wand wasted a few charges.
Dracfodder's ghost casts a spell at you.
The orb of energy misses you.
A jackal comes into view.
Dracfodder's ghost gestures at you while chanting.
The orb of energy hits you!
Ouch! That really hurt!
* * * LOW HITPOINT WARNING * * *
You barely miss dracfodder's ghost.
A howler monkey comes into view.
You completely miss dracfodder's ghost.
Dracfodder's ghost points at you and mumbles some strange words.
The magic dart hits you!
* * * LOW HITPOINT WARNING * * *
The giant cockroach barely misses you.
You closely miss dracfodder's ghost. Dracfodder's ghost hits you.
You die...

#.......#..........
#...(...#..........
####.......#.....)....
#................)....
#.....................
#.....................
#.....................
#######.###############
#.....@...# #....Ws...#
...........#
#...h......#
#..........#
#..........#
..h#####.### ... .#


You could see a howler monkey (wandering), dracfodder's ghost, a jackal and a
giant cockroach.

Vanquished Creatures
  An ice beast (D:3)
  A hound (D:4)
  Jessica (D:3)
  2 worker ants (D:4)
  8 adders
  An ooze (D:2)
  2 leopard geckos (D:3)
  6 bats
  6 giant cockroaches
  A goblin (D:3)
  5 hobgoblins
  12 jackals (D:3)
  A ball python (D:3)
  3 frilled lizards (D:3)
  3 kobolds
  5 rats
58 creatures vanquished.

Notes
Turn   | Place    | Note
-------+----------+-------------------------------------------
     0 | D:1      | Faca the Felid Berserker began the quest for the Orb.
     0 | D:1      | Reached XP level 1. HP: 10/10 MP: 2/2
   397 | D:2      | Reached XP level 2. HP: 14/14 MP: 3/3
   495 | D:2      | Reached XP level 3. HP: 7/17 MP: 0/4
   769 | D:2      | Reached skill level 5 in Dodging
  1364 | D:2      | Found a shattered altar of Ashenzari.
  1367 | D:2      | Reached skill level 1 in Stealth
  1581 | D:2      | Reached XP level 4. HP: 21/21 MP: 5/5
  2052 | D:3      | Found a sacrificial altar of Ru.
  2066 | D:3      | Noticed Jessica
  2069 | D:3      | Killed Jessica
  2077 | D:3      | Reached ** piety under Trog
  2099 | D:3      | Noticed an ice beast
  2112 | D:3      | Slain by an ice beast
  2113 | D:3      | Reached XP level 3. HP: -2/17 MP: 0/4
  2202 | D:3      | Killed an ice beast
  2202 | D:3      | Reached XP level 4. HP: 12/21 MP: 3/5
  2202 | D:3      | Reached XP level 5. HP: 13/24 MP: 3/6
  3368 | D:4      | Gained mutation: You are frail. (-10% HP) [potion of mutation]
  3368 | D:4      | Gained mutation: You are very frail. (-20% HP) [potion of mutation]
  3368 | D:4      | Gained mutation: You have a pair of small antennae on your head. [potion of mutation]
  3369 | D:4      | Gained mutation: You are covered in thick fur. (AC +2) [Felid growth]
  3369 | D:4      | Reached XP level 6. HP: 5/22 MP: 2/7
  3507 | D:4      | Noticed dracfodder's ghost (amateur DECj)
  3513 | D:4      | HP: 1/22 [dracfodder's ghost/magic dart (1)]
  3514 | D:4      | Slain by dracfodder's ghost

Vault maps used:
D:1:      eino_arrival_druids_welcome
D:2:      ashenzari_altar_1, dk_vineyard_3, minmay_quantized
D:3:      nicolae_ru_awakened_eye, uniq_jessica
D:4:      old_standard_altar, first_bread, tgw_sif, uniq_crazy_yiuf_cottage

Skill      XL: |  1  2  3  4  5 |
---------------+----------------+-----
Dodging        | 5 |  5.9
Stealth        | 3 4 |  4.3
Unarmed Combat | 4 |  4.9
Fighting       | |  3.5

Action                   |  1- 3 |  4- 6 || total
-------------------------+-------+-------++-------
Melee: Unarmed           |    65 |   108 ||   173
       Bite              |     8 |    13 ||    21
       Punch             |     2 |     4 ||     6
Evoke: Wand              |       |     1 ||     1
  Use: Scroll            |     6 |     4 ||    10
       Potion            |       |     2 ||     2
 Stab: Sleeping          |     4 |     8 ||    12
       Distracted        |       |     1 ||     1
  Eat: Chunk             |     6 |     6 ||    12
Armor: Skin              |     6 |     4 ||    10
Dodge: Dodged            |    53 |   117 ||   170
